 Dungeon Sprint DCSS version 0.20-a0-785-g17250f0 (webtiles) character file.

10200000 Gorglomux the Axe Maniac (level 27, -2/295 (298) HPs)
             Began as a Deep Dwarf Monk on Feb 27, 2017.
             Was the Champion of Makhleb.
             Killed by divine providence
             ... invoked by an observer
              (12 damage)
             ... in the Dungeon (Sprint VIII: "Arena of Blood").
             The game lasted 00:03:58 (102 turns).

Gorglomux the Axe Maniac (Deep Dwarf Monk)           Turns: 102, Time: 00:03:59

HP:   -2/295 (298)  AC:  4    Str: 25    XL:     27
MP:   25/54         EV: 33    Int: 13    God:    Makhleb [******]
Gold: 0             SH:  0    Dex: 16    Spells: 80/80 levels left

rFire    . . .     SeeInvis .   C - +∞ Axe of Woe
rCold    . . .     Gourm    .   b - +0 robe
rNeg     + . .     Faith    .   (shield currently unavailable)
rPois    .         Spirit   .   (no helmet)
rElec    .         Reflect  .   (no cloak)
rCorr    .         Harm     .   (no gloves)
MR       ++++.     NoTele   +   (no boots)
Stlth    +++++++++.             (no amulet)
Regen    0.0/turn               (no ring)
MPRegen  0.4/turn               (no ring)

@: non-regenerating
A: damage resistance, heal wounds, negative energy resistance 1, sense
surroundings 3, no regeneration
a: Heal Wounds, Minor Destruction, Lesser Servant of Makhleb, Major Destruction,
Greater Servant of Makhleb, Renounce Religion


You were in the Dungeon.
You worshipped Makhleb.
Makhleb was exalted by your worship.
You were not hungry.

You visited 1 branch

Inventory:

Hand Weapons
 a - a +0 hand axe
 C - the +∞ Axe of Woe (weapon)
   (You found it in the Dungeon)
Armour
 b - a +0 robe (worn)
Scrolls
 B - a scroll of blinking
Potions
 d - a potion of curing
 e - a potion of heal wounds
 f - a potion of haste
 g - 2 potions of magic
 h - a potion of berserk rage
Comestibles
 c - a bread ration


   Skills:
 O Level 27 Fighting
 O Level 27 Axes
 O Level 27 Throwing
 O Level 27 Armour
 O Level 27 Dodging
 O Level 27 Stealth
 O Level 27 Unarmed Combat
 O Level 27 Spellcasting
 O Level 27 Invocations


You had 80 spell levels left.
You didn't know any spells.

Dungeon Overview and Level Annotations

Branches:
Dungeon (1/1)

Altars:
Makhleb


Innate Abilities, Weirdness & Mutations

You are resistant to damage.
You can heal yourself by infusing magical energy.
You resist negative energy. (rN+)
You passively map a large area around you.
You do not regenerate.


Message History

* * * LOW HITPOINT WARNING * * *
You hear a shout! x3
The eight-headed meat hydra calls on the powers of darkness!
The eight-headed meat hydra convulses!
Your body is wracked with pain!
* * * LOW HITPOINT WARNING * * *
You hear a shout!
The accursed gestures at you while chanting.
Something smites you!
* * * LOW HITPOINT WARNING * * *
A meat beast comes into view.
The meat beast moves out of view.
You feel something staring at you.
A fireball appears from out of thin air!
The fireball explodes!
Deactivating autopickup; reactivate with Ctrl-A.
The fireball engulfs you!
* * * LOW HITPOINT WARNING * * *
You hear a shout! x7; You feel something staring at you.
Something smites you!
You die...

, , , ,*, .......x)x§).§.%.#..
, , .#...........).)§..#...,
,, * #.#..........))§x##....
,, *o#.....#......))#......
,.........%%..%))#...### ,, ,
* . ,....##.#.%%.).)......,
##. .....M....%).......
***,,....####.D%.#.%.))####...
* #........@.{..)%....# ..
###....)))............
####..)))..%....%..# *
#################


You could see an accursed, an eight-headed meat hydra and a bag of meat
(wandering).

Vanquished Creatures
  A hell beast (D)
  A greater mummy (D)
  2 great orbs of eyes (D)
  10 vampire knights (D)
  33 ogres (D)
  8 two-headed ogres (D)
  3 liches (D)
  53 orcs (D)
  2 phantoms (D)
  2 skeletal warriors (D)
  A large abomination (D)
  6 small abominations (D)
  4 crawling corpses (D)
126 creatures vanquished.

Vanquished Creatures (others)
  6 crawling corpses (D)
6 creatures vanquished.

Grand Total: 132 creatures vanquished

Notes
Turn   | Place    | Note
-------+----------+-------------------------------------------
     0 | D        | Gorglomux the Deep Dwarf Monk began the quest for the Orb.
     0 | D        | Reached XP level 1. HP: 20/20 MP: 1/1
     2 | D        | Noticed a bag of meat
     3 | D        | Became a worshipper of Makhleb the Destroyer
     3 | D        | Reached * piety under Makhleb
     3 | D        | Reached ** piety under Makhleb
     5 | D        | Noticed a bag of meat
     5 | D        | Noticed a bag of meat
     7 | D        | Noticed a bag of meat
     7 | D        | Killed a bag of meat
     7 | D        | Reached skill level 27 in Axes
     7 | D        | Reached skill level 3 in Armour
     7 | D        | Reached XP level 2. HP: 30/30 MP: 1/5
     7 | D        | Reached XP level 3. HP: 36/36 MP: 1/6
     7 | D        | Reached XP level 4. HP: 44/44 MP: 1/7
     7 | D        | Reached XP level 5. HP: 50/50 MP: 1/8
     7 | D        | Reached XP level 6. HP: 57/57 MP: 1/9
     7 | D        | Reached XP level 7. HP: 64/64 MP: 1/10
     7 | D        | Reached XP level 8. HP: 72/72 MP: 1/11
     7 | D        | Gained mutation: You passively map the area around you. [Deep Dwarf growth]
     7 | D        | Reached XP level 9. HP: 78/78 MP: 1/12
     7 | D        | Reached XP level 10. HP: 85/85 MP: 1/13
     7 | D        | Reached XP level 11. HP: 92/92 MP: 1/14
     7 | D        | Noticed a bag of meat
     8 | D        | Noticed a meat berserker
     8 | D        | Killed a meat berserker
     8 | D        | Reached skill level 12 in Armour
     8 | D        | Reached skill level 12 in Dodging
     8 | D        | Reached XP level 12. HP: 120/120 MP: 1/22
     8 | D        | Reached XP level 13. HP: 127/127 MP: 1/23
    10 | D        | Killed a bag of meat
    10 | D        | Reached skill level 12 in Fighting
    10 | D        | Gained mutation: You resist negative energy. (rN+) [Deep Dwarf growth]
    10 | D        | Reached XP level 14. HP: 139/139 MP: 1/26
    11 | D        | Noticed a bag of meat
    11 | D        | Noticed a bag of meat
    11 | D        | Noticed a bag of meat
    11 | D        | Noticed a meat berserker
    12 | D        | Noticed a bag of meat
    12 | D        | Killed a bag of meat
    12 | D        | Reached *** piety under Makhleb
    12 | D        | Reached skill level 15 in Armour
    12 | D        | Reached skill level 18 in Stealth
    12 | D        | Reached skill level 18 in Invocations
    13 | D        | Noticed a bag of meat
    14 | D        | Noticed a bag of meat
    14 | D        | Noticed a meat berserker
    14 | D        | Noticed a bag of meat
    14 | D        | Killed a bag of meat
    14 | D        | Reached XP level 15. HP: 152/152 MP: 2/28
    15 | D        | Reached skill level 15 in Fighting
    15 | D        | Reached skill level 18 in Armour
    15 | D        | Reached skill level 18 in Dodging
    16 | D        | Reached **** piety under Makhleb
    16 | D        | Reached skill level 21 in Invocations
    17 | D        | Noticed a meat berserker
    17 | D        | Noticed a destroyer
    18 | D        | Killed a meat berserker
    18 | D        | Reached skill level 18 in Fighting
    18 | D        | Reached skill level 21 in Dodging
    18 | D        | Reached skill level 24 in Stealth
    18 | D        | Reached XP level 16. HP: 117/171 MP: 2/31
    18 | D        | Killed a meat berserker
    18 | D        | Reached XP level 17. HP: 183/183 MP: 2/33
    19 | D        | Reached ***** piety under Makhleb
    19 | D        | Reached skill level 21 in Fighting
    19 | D        | Reached skill level 24 in Dodging
    19 | D        | Reached skill level 27 in Stealth
    19 | D        | Reached skill level 27 in Invocations
    19 | D        | Reached skill level 24 in Armour
    20 | D        | Noticed a meat berserker
    20 | D        | Noticed a large bag of meat
    21 | D        | Killed a destroyer
    21 | D        | Reached skill level 27 in Armour
    21 | D        | Reached skill level 27 in Dodging
    21 | D        | Gained mutation: You passively map a large area around you. [Deep Dwarf growth]
    21 | D        | Reached XP level 18. HP: 212/212 MP: 3/35
    21 | D        | Reached skill level 27 in Fighting
    22 | D        | Killed a meat berserker
    22 | D        | Reached XP level 19. HP: 226/226 MP: 3/36
    22 | D        | Reached skill level 12 in Spellcasting
    23 | D        | Noticed a meat berserker
    23 | D        | Reached skill level 15 in Throwing
    23 | D        | Reached skill level 15 in Unarmed Combat
    24 | D        | Reached ****** piety under Makhleb
    24 | D        | Reached skill level 15 in Spellcasting
    24 | D        | Reached skill level 18 in Throwing
    24 | D        | Reached skill level 18 in Unarmed Combat
    25 | D        | Noticed a meat berserker
    25 | D        | Noticed a meat berserker
    26 | D        | Noticed a meat berserker
    26 | D        | Killed a meat berserker
    26 | D        | Reached XP level 20. HP: 236/236 MP: 4/43
    26 | D        | Reached skill level 21 in Throwing
    26 | D        | Reached skill level 21 in Unarmed Combat
    27 | D        | Killed a meat berserker
    27 | D        | Reached skill level 21 in Spellcasting
    29 | D        | Noticed a large bag of meat
    29 | D        | Noticed a large bag of meat
    29 | D        | Noticed a meat berserker
    30 | D        | Reached skill level 24 in Throwing
    30 | D        | Reached skill level 24 in Unarmed Combat
    30 | D        | Reached XP level 21. HP: 244/244 MP: 5/48
    30 | D        | Reached skill level 24 in Spellcasting
    31 | D        | Noticed a large bag of meat
    31 | D        | Noticed a destroyer
    32 | D        | Reached skill level 27 in Throwing
    32 | D        | Reached skill level 27 in Unarmed Combat
    32 | D        | Reached skill level 27 in Spellcasting
    32 | D        | Reached XP level 22. HP: 254/254 MP: 5/53
    35 | D        | Noticed a large bag of meat
    35 | D        | Noticed a large bag of meat
    35 | D        | Noticed a destroyer
    36 | D        | Reached XP level 23. HP: 262/262 MP: 6/54
    37 | D        | Killed a large bag of meat
    37 | D        | Killed a destroyer
    38 | D        | Noticed a destroyer
    38 | D        | Noticed a destroyer
    39 | D        | Reached XP level 24. HP: 272/272 MP: 7/54
    39 | D        | Killed a destroyer
    39 | D        | Killed a large bag of meat
    41 | D        | Noticed a large bag of meat
    41 | D        | Noticed a large bag of meat
    41 | D        | Reached XP level 25. HP: 267/280 MP: 8/54
    41 | D        | Killed a destroyer
    42 | D        | Killed a large bag of meat
    42 | D        | Reached XP level 26. HP: 290/290 MP: 8/54
    43 | D        | Noticed a destroyer
    45 | D        | Noticed a destroyer
    46 | D        | Killed a destroyer
    46 | D        | Reached XP level 27. HP: 298/298 MP: 9/54
    47 | D        | Noticed a destroyer
    47 | D        | Killed a large bag of meat
    48 | D        | Killed a large bag of meat
    49 | D        | Noticed a destroyer
    49 | D        | Noticed a tyrant
    50 | D        | Noticed a destroyer
    50 | D        | Killed a large bag of meat
    53 | D        | Noticed an accursed
    53 | D        | Killed a destroyer
    53 | D        | Killed a destroyer
    53 | D        | Killed a tyrant
    57 | D        | Noticed a tyrant
    57 | D        | Killed a large bag of meat
    58 | D        | Killed a destroyer
    59 | D        | Noticed a tyrant
    60 | D        | Killed a destroyer
    60 | D        | Killed a large bag of meat
    62 | D        | Killed an accursed
    63 | D        | Killed a destroyer
    65 | D        | Killed a tyrant
    82 | D        | Killed a tyrant
    87 | D        | Noticed a meat beast
    90 | D        | Killed a meat beast
    95 | D        | Noticed an accursed
   102 | D        | Noticed a meat beast
   102 | D        | HP: 10/295 [something/fireball (70)]
   102 | D        | Killed from afar by an observer

Vault maps used:
D:        meatsprint

Skill      XL: |  1  2  3  4  5  6  7  8  9 10 11 12 13 14 15 16 17 18 19 20 21 |
---------------+----------------------------------------------------------------+-----
Axes           | 27 | 27.0
Fighting       | 4 11 12 14 18 19 25 27 | 27.0
Armour         | 3 12 14 16 20 22 27 | 27.0
Dodging        | 4 12 14 17 21 22 27 | 27.0
Stealth        | 4 14 16 19 24 25 27 | 27.0
Invocations    | 4 14 16 19 23 25 27 | 27.0
Throwing       | 11 20 24 27 | 27.0
Unarmed Combat | 11 20 24 27 | 27.0
Spellcasting   | 10 19 23 27 | 27.0

Action                   |  1- 3 |  4- 6 |  7- 9 | 10-12 | 13-15 | 16-18 | 19-21 | 22-24 | 25-27 || total
-------------------------+-------+-------+-------+-------+-------+-------+-------+-------+-------++-------
Melee: Executioner's axe |     1 |       |       |     1 |     6 |     3 |     7 |     6 |    37 ||    61
Invok: Greater Servant o |       |       |       |       |       |       |       |     1 |       ||     1
Dodge: Dodged            |       |       |       |       |       |       |       |       |     9 ||     9
